 Dungeon Crawl Stone Soup version 0.25.1-2-g60ff931df9 (webtiles) character file.

Game seed: 8520718166726676551

33 Johnny the Digger (level 3, -2/26 HPs)
             Began as a Demigod Earth Elementalist on Oct 4, 2020.
             Slain by an adder (5 damage)
             ... on level 2 of the Dungeon.
             The game lasted 00:01:18 (1292 turns).

Johnny the Digger (Demigod Earth Elementalist)      Turns: 1292, Time: 00:01:19

Health: -2/26      AC:  2    Str: 11    XL:     3   Next: 0%
Magic:  6/9        EV: 12    Int: 21    God:
Gold:   45         SH:  0    Dex: 16    Spells: 5/6 levels left

rFire    . . .     SeeInvis .   g - +0 dagger
rCold    . . .     Gourm    .   (no shield)
rNeg     . . .     Faith    .   c - +0 robe
rPois    .         Spirit   .   (no helmet)
rElec    .         Reflect  .   (no cloak)
rCorr    .         Harm     .   (no gloves)
MR       .....                  (no boots)
Stlth    ++........             (no amulet)
HPRegen  0.08/turn              (no ring)
MPRegen  0.11/turn              (no ring)

@: brilliant, lethally poisoned (-2 -> -9)
A: high mp 1
a: no special abilities


You were on level 2 of the Dungeon.
You were not hungry.

You visited 1 branch of the dungeon, and saw 2 of its levels.

You collected 45 gold pieces.

Inventory:

Hand Weapons
 e - a cursed -3 dagger
 g - a +0 dagger (weapon)
Missiles
 b - 123 stones (quivered)
Armour
 c - a +0 robe (worn)
Scrolls
 a - a scroll of amnesia {unknown}
 f - a scroll of enchant armour {unknown}
 h - a scroll of random uselessness {unknown}
Comestibles
 d - 3 rations


   Skills:
 - Level 1.7 Dodging
 - Level 1.7 Stealth
 + Level 2.2 Spellcasting
   Level 0.8 Transmutations
 * Level 3.5 Earth Magic


You had 5 spell levels left.
You knew the following spells:

 Your Spells              Type           Power        Failure   Level  Hunger
a - Sandblast             Erth           ####..       3%          1    None

Your spell library contained the following spells:

 Spells                   Type           Power        Failure   Level  Hunger
 Passwall                 Tmut/Erth      ###.....     9%          2    None
 Stone Arrow              Conj/Erth      ##....       21%         3    None
 Petrify                  Tmut/Erth      ###.....     50%         4    None
 Lee's Rapid Deconstruct  Erth           ####......   67%         5    None


Dungeon Overview and Level Annotations

Branches:
Dungeon (2/15)


Innate Abilities, Weirdness & Mutations

You have an increased reservoir of magic. (+10% MP)


Message History

Press: ? - help, Shift-Dir - straight line, f - hobgoblin
Aim: a hobgoblin, wielding a +0 club You feel a surge of power!
The blast of sand hits the hobgoblin!
You kill the hobgoblin!
You have reached level 3!
Your experience leads to a dramatic increase in your attributes!
Increase (S)trength, (I)ntelligence, or (D)exterity?
You feel clever. x2
b - 124 stones The adder misses you.
Casting: Sandblast (safe; 3% risk of failure)
Confirm with . or Enter, or press ? or * to list all spells.
Aiming: Sandblast (safe; 3% risk of failure)
Press: ? - help, Shift-Dir - straight line, f - adder
Aim: an adder You feel a surge of power!
The blast of sand misses the adder.
b - 123 stones
* * * LOW HITPOINT WARNING * * *
You feel sick. The adder bites you.
You die...

#.##.#.<# #.##.#.####
#.##.#....# #.##.####.#
#.##......#
#.############
..#............###.#.#
........................
###............#@# #
#..####.####.#S# .# ##.
#.# #...######.# #. #+#
##.........# #.
#.........+ #.........#
#.........# #....†....#
#.........#


You could see an adder.

Vanquished Creatures
  A dart slug (D:1)
  7 bats
  2 giant cockroaches (D:1)
  6 goblins (D:1)
  3 hobgoblins
  2 frilled lizards (D:1)
  3 kobolds (D:1)
  5 rats (D:1)
29 creatures vanquished.

Notes
Turn   | Place    | Note
-------+----------+-------------------------------------------
     0 | D:1      | Johnny the Demigod Earth Elementalist began the quest for
                  | the Orb.
     0 | D:1      | Reached XP level 1. HP: 14/14 MP: 5/5
    65 | D:1      | Reached skill level 3 in Earth Magic
   132 | D:1      | Reached XP level 2. HP: 16/20 MP: 2/7
  1291 | D:2      | Reached XP level 3. HP: 3/26 MP: 7/9
  1292 | D:2      | Slain by an adder

Illustrated notes

Levels and vault maps discovered:
D:1:      dpeg_arrival_windows_large_door, layout_basic, serial_bayou_ford_a
D:2:      minmay_recursive_quarters, layout_basic, grunt_ministairs_14

Skill      XL: |  1 |
---------------+----+-----
Earth Magic    | 3 |  3.5
Spellcasting   | 2 |  2.2
Dodging        | |  1.7
Stealth        | |  1.7
Transmutations | |  0.8

Action                   || total
-------------------------++-------
Melee: Unarmed           ||    12
       Dagger            ||    49
 Cast: Sandblast         ||    17
  Use: Potion            ||     1
 Stab: Sleeping          ||     5
  Eat: Chunk             ||     1
Armor: Robe              ||    29
Dodge: Dodged            ||    72
